 Dungeon Crawl Stone Soup version 0.27-a0-686-gaed091b46b (webtiles) character file.

Game seed: 10254450681729436249

4992 Azzok the Cleaver (level 10, -7/84 HPs)
             Began as a Palentonga Fighter on Mar 20, 2021.
             Was a High Priest of Okawaru.
             Mangled by a two-headed ogre
             ... wielding a +0 giant spiked club
              (18 damage)
             ... on level 10 of the Dungeon.
             The game lasted 00:10:17 (10822 turns).

Azzok the Cleaver (Palentonga Fighter)             Turns: 10822, Time: 00:10:17

Health: -7/84      AC: 22    Str: 22    XL:     10   Next: 29%
Magic:  12/14      EV:  8    Int:  8    God:    Okawaru [*****.]
Gold:   446        SH: 13    Dex: 23    Spells: 9/9 levels left

rFire    . . .     SeeInvis +   B - +3 war axe
rCold    . . .     Faith    +   c - +0 kite shield
rNeg     . . .     Spirit   .   M - +0 plate armour
rPois    .         Reflect  .   d - +0 helmet
rElec    .         Harm     .   b - scarf {shadows}
rCorr    .         Rampage  .   z - +0 pair of gloves
Will     .....                  (no barding)
Stlth    ..........             o - amulet of faith
HPRegen  0.24/turn              e - +6 ring of dexterity
MPRegen  0.14/turn              G - +6 ring of dexterity

@: heroic, curled up
A: large, rugged brown scales 3, see invisible, deformed body, roll 1, armoured
tail, reflexive curl
a: Rolling Charge, Renounce Religion, Heroism, Finesse


You were on level 10 of the Dungeon.
You worshipped Okawaru.
Okawaru was extremely pleased with you.
You visited 1 branch of the dungeon, and saw 10 of its levels.

You collected 512 gold pieces.
You spent 66 gold pieces at shops.

Inventory:

Hand Weapons
 B - a +3 war axe (weapon)
 I - a +1 dagger of venom
 P - a +0 flail of protection
Armour
 b - a scarf of shadows (worn)
 c - a +0 kite shield (worn)
 d - a +0 helmet (worn)
 v - a +2 ring mail of cold resistance
 z - a +0 pair of gloves (worn)
 M - a +0 plate armour (worn)
Jewellery
 e - a +6 ring of dexterity (right hand)
 o - an amulet of faith (around neck)
 G - a +6 ring of dexterity (left hand)
Wands
 a - a wand of iceblast (13)
 k - a wand of paralysis (8)
 u - a wand of polymorph (8)
 D - a wand of random effects (14)
 K - a wand of flame (18)
Scrolls
 f - 3 scrolls of amnesia {unknown}
 g - 5 scrolls of teleportation
 j - a scroll of magic mapping {unknown}
 p - a scroll of fog {unknown}
 r - 2 scrolls of blinking {unknown}
 s - a scroll of noise {unknown}
 t - 2 scrolls of enchant weapon {unknown}
 y - 2 scrolls of immolation {unknown}
 A - 5 scrolls of identify {unknown}
 F - a scroll of summoning {unknown}
 H - a scroll of fear {unknown}
 L - a scroll of enchant armour {unknown}
 N - a scroll of brand weapon {unknown}
 Q - a scroll of vulnerability {unknown}
Potions
 h - 2 potions of haste
 i - a potion of resistance {unknown}
 l - 3 potions of flight {unknown}
 m - 2 potions of mutation {unknown}
 n - 7 potions of curing {unknown}
 q - 3 potions of attraction {unknown}
 w - 2 potions of berserk rage {unknown}
 x - a potion of magic {unknown}
 C - a potion of heal wounds
 E - a potion of brilliance {unknown}
 J - a potion of experience {unknown}
 O - a potion of lignification {unknown}


   Skills:
 + Level 7.0(12.0) Fighting
 * Level 9.3(14.3) Axes
 + Level 5.8(10.8) Armour
 + Level 5.8(10.8) Shields
 + Level 5.9 Invocations


You had 9 spell levels left.
You didn't know any spells.
Your spell library contained the following spells:

 Spells                   Type           Power      Damage    Failure   Level
 Animate Skeleton         Necr           0%         N/A       99%         1
 Apportation              Tloc           0%         N/A       99%         1
 Corona                   Hex            0%         N/A       99%         1
 Magic Dart               Conj           0%         1d3       99%         1
 Summon Small Mammal      Summ           0%         N/A       99%         1
 Blink                    Tloc           N/A        N/A       100%        2
 Call Imp                 Summ           0%         N/A       100%        2
 Slow                     Hex            0%         N/A       100%        2
 Confusing Touch          Hex            0%         N/A       100%        3
 Conjure Flame            Conj/Fire      0%         6-21      100%        3
 Gell's Gravitas          Tloc           0%         N/A       100%        3
 Mephitic Cloud           Conj/Pois/Air  0%         N/A       100%        3
 Portal Projectile        Hex/Tloc       0%         N/A       100%        3
 Petrify                  Tmut/Erth      0%         N/A       100%        4
 Metabolic Englaciation   Hex/Ice        0%         N/A       100%        5
 Yara's Violent Unravell  Hex/Tmut       0%         3d3       100%        5
 Ignition                 Fire           0%         3d3       100%        8


Dungeon Overview and Level Annotations

Branches:
Dungeon (10/15)            Temple (0/1) D:4            Lair (0/6) D:8
    Orc: D:9-12

Altars:
Ashenzari
Cheibriados
Elyvilon
Gozag
Makhleb
Okawaru
Ru
Sif Muna
Trog
Uskayaw
Vehumet
Wu Jian
Xom
Yredelemnul

Shops:
D:2 :   D:4 !   D:9 (   D:10 [

Annotations:
D:5 3 runed translucent doors, sammydre's ghost, amateur GrFi


Innate Abilities, Weirdness & Mutations

You are completely covered in rugged brown scales. (AC +3, +7% HP)
You have supernaturally acute eyesight. (SInv)
Armour fits poorly on your strangely shaped body.
You can roll at nearby foes to attack.
You have a long armoured tail.
You curl defensively after being hit.


Message History

The gargoyle is lightly damaged.
You hear two shouts!
You block the gargoyle's attack.
A two-headed ogre comes into view.
It is wielding a +0 giant spiked club and a +0 giant club.
You slash the gargoyle!
The gargoyle is heavily damaged.
The gargoyle hits you with a +0 mace!
* * * LOW HITPOINT WARNING * * *
You barely miss the gargoyle.
You tail-slap the gargoyle, but do no damage.
The gargoyle is heavily damaged.
You block the gargoyle's attack.
The gargoyle hurls a stone arrow at you.
The stone arrow hits you!
* * * LOW HITPOINT WARNING * * *
You feel much better. The gargoyle hits you with a +0 mace.
Okay, then.
You hit the gargoyle. You tail-slap the gargoyle!
The gargoyle is almost destroyed.
The gargoyle hurls a stone arrow at you.
The stone arrow hits you!!
* * * LOW HITPOINT WARNING * * *
You feel much better. The gargoyle hits you with a +0 mace!
* * * LOW HITPOINT WARNING * * *
You gain the combat prowess of a mighty hero.
The gargoyle hits you but does no damage.
You fail to use your ability.
The gargoyle closely misses you.
You hit the gargoyle but do no damage. You tail-slap the gargoyle.
You destroy the gargoyle!
Okawaru accepts your kill.
Your base Fighting skill increases to level 7!
The two-headed ogre hits you with a +0 giant spiked club!
* * * LOW HITPOINT WARNING * * *
The two-headed ogre hits you but does no damage.
You slash the two-headed ogre!
The two-headed ogre is moderately wounded.
You hit the two-headed ogre. You tail-slap the two-headed ogre.
The two-headed ogre is moderately wounded.
The two-headed ogre hits you with a +0 giant spiked club!!
You die...

▒·▒▒ ▒··▒ ·▒▒
▒▒·▒▒▒▒▒▒▒ ▒▒ ··▒
▒·····≈≈≈▒▒ ▒· 9··
▒····≈≈≈≈≈▒ ▒▒▒·
▒·▒▒▒····≈≈∩≈≈▒▒▒▒▒···
▒·††▒@···≈≈·≈≈▒·)···▒·
▒)O·····≈·≈▒▒·▒▒▒▒▒·
▒▒▒)··?····▒▒·▒ ▒·
▒·····[·····▒ ▒·
▒···$····▒▒▒▒ ▒▒
▒········▒ ▒········▒
▒▒▒▒▒▒▒▒▒▒ ·


You could see a two-headed ogre.

Vanquished Creatures
  A gargoyle (D:10)
  Grinder (D:3)
  Sigmund (D:3)
  Duvessa (D:5)
  A sky beast (D:7)
  4 orc warriors
  2 ice beasts
  2 black bears
  2 ogres
  2 centaurs (D:9)
  3 phantoms
  2 kobold brigands (D:8)
  5 bullfrogs
  Dowan (D:5)
  3 scorpions
  A water moccasin zombie (D:7)
  5 killer bees (D:8)
  5 wights (D:5)
  9 howler monkeys
  2 centaur zombies (D:7)
  4 orc priests
  4 hounds
  4 bullfrog skeletons
  4 jellies
  A centaur skeleton (D:6)
  6 worker ants
  Ijyb (D:5)
  11 orc wizards
  A hound skeleton (D:5)
  Robin (D:3)
  10 adders
  A shadow imp (D:8)
  4 white imps
  An ufetubus (D:7)
  8 oozes (D:4)
  An adder skeleton (D:6)
  3 dart slugs
  4 leopard geckos
  28 orcs
  A ball python (D:3)
  6 giant cockroaches
  20 goblins
  15 hobgoblins
  5 jackals
  24 kobolds
  6 quokkas
  9 bats
  10 frilled lizards
  A jackal skeleton (D:4)
  4 rats
251 creatures vanquished.

Vanquished Creatures (others)
  An orc wizard (D:7)
  12 fungi
  7 plants (D:8)
  8 toadstools (D:4)
28 creatures vanquished.

Grand Total: 279 creatures vanquished

Notes
Turn   | Place    | Note
-------+----------+-------------------------------------------
     0 | D:1      | Azzok the Palentonga Fighter began the quest for the Orb.
     0 | D:1      | Reached XP level 1. HP: 19/19 MP: 1/1
   409 | D:1      | Reached XP level 2. HP: 18/25 MP: 2/2
  1567 | D:2      | Reached XP level 3. HP: 26/31 MP: 3/3
  1807 | D:2      | Found a shimmering altar of Xom.
  1869 | D:2      | Reached skill level 3 in Axes
  2098 | D:2      | Found Oqeggyef's Book Emporium.
  2337 | D:2      | Reached XP level 4. HP: 29/37 MP: 4/4
  2612 | D:2      | Found a radiant altar of Vehumet.
  2998 | D:3      | Noticed Grinder
  2999 | D:3      | Paralysed by Grinder for 5 turns
  3023 | D:3      | Killed Grinder
  3024 | D:3      | Reached skill level 4 in Axes
  3024 | D:3      | Reached XP level 5. HP: 36/44 MP: 5/5
  3024 | D:3      | Reached XP level 6. HP: 42/51 MP: 6/6
  3102 | D:3      | Noticed Sigmund
  3111 | D:3      | Killed Sigmund
  3219 | D:3      | Found an iron altar of Okawaru.
  3219 | D:3      | Found a bloodstained altar of Trog.
  3310 | D:3      | Became a worshipper of Warmaster Okawaru
  3360 | D:3      | Found an opulent altar of Gozag.
  3360 | D:3      | Found a basalt altar of Yredelemnul.
  3575 | D:3      | Noticed Robin
  3602 | D:3      | Killed Robin
  3828 | D:3      | Found an ornate altar of the Wu Jian Council.
  4018 | D:4      | Reached skill level 5 in Axes
  4018 | D:4      | Gained mutation: You curl defensively after being hit.
                  | [Palentonga growth]
  4018 | D:4      | Reached XP level 7. HP: 58/58 MP: 7/7
  4026 | D:4      | Found a hide-covered altar of Uskayaw.
  4184 | D:4      | Found a staircase to the Ecumenical Temple.
  4200 | D:4      | Found a snail-covered altar of Cheibriados.
  4256 | D:4      | Reached skill level 1 in Invocations
  4422 | D:4      | Found Fuwoex's Distillery.
  4429 | D:4      | Bought a potion of degeneration for 11 gold pieces
  4429 | D:4      | Bought a potion of heal wounds for 55 gold pieces
  4530 | D:4      | Reached * piety under Okawaru
  4987 | D:4      | Identified the +0 ring mail of Vicuufe {*Corrode +Inv rElec
                  | Dex+7}
  5042 | D:5      | Entered Level 5 of the Dungeon
  5157 | D:5      | Noticed sammydre's ghost (amateur GrFi)
  5157 | D:5      | Noticed a wraith
  5161 | D:5      | Found a runed translucent gate.
  5161 | D:5      | Found a runed translucent gate.
  5161 | D:5      | Found a runed translucent gate.
  5308 | D:5      | Reached skill level 5 in Fighting
  5308 | D:5      | Reached skill level 6 in Axes
  5308 | D:5      | Reached XP level 8. HP: 50/66 MP: 9/9
  5517 | D:5      | Noticed Duvessa
  5517 | D:5      | Noticed Dowan
  5522 | D:5      | Found a sacrificial altar of Ru.
  5529 | D:5      | Killed Duvessa
  5534 | D:5      | Reached ** piety under Okawaru
  5540 | D:5      | Killed Dowan
  5668 | D:5      | Found a burning altar of Makhleb.
  5808 | D:5      | Found a shimmering blue altar of Sif Muna.
  6023 | D:5      | Noticed Ijyb
  6035 | D:5      | Killed Ijyb
  6546 | D:6      | Reached skill level 7 in Axes
  6798 | D:6      | Found a broken altar of Ashenzari.
  7124 | D:6      | Reached XP level 9. HP: 73/73 MP: 11/11
  7172 | D:6      | Reached *** piety under Okawaru
  7853 | D:7      | Found a white marble altar of Elyvilon.
  7890 | D:7      | Reached skill level 5 in Armour
  7952 | D:7      | Found a basalt altar of Yredelemnul.
  8148 | D:7      | Reached skill level 5 in Shields
  8152 | D:7      | Reached skill level 8 in Axes
  8872 | D:8      | Reached **** piety under Okawaru
  8988 | D:8      | Reached skill level 5 in Invocations
  9168 | D:8      | Found a staircase to the Lair.
  9720 | D:9      | Identified the Compendium of Orientation and the Arsonist
  9865 | D:9      | Found Wuwnoune's Antique Weapon Shoppe.
  9900 | D:9      | Reached ***** piety under Okawaru
  9901 | D:9      | Reached XP level 10. HP: 43/82 MP: 14/14
 10210 | D:9      | Reached skill level 9 in Axes
 10706 | D:10     | Entered Level 10 of the Dungeon
 10734 | D:10     | Found Waklatot's Armour Shoppe.
 10804 | D:10     | Noticed a gargoyle
 10811 | D:10     | Noticed a two-headed ogre
 10819 | D:10     | Killed a gargoyle
 10822 | D:10     | Mangled by a two-headed ogre

Illustrated notes

Levels and vault maps discovered:
D:1:      dpeg_arrival_fog, layout_loops_corners, roderic_roman_lattice
D:2:      layout_rooms, xom_teletrap_fun, lemuel_coloured_pillars_altar,
          serial_shops, nicolae_shop_crystal
D:3:      layout_loops_ring, gammafunk_temple_overflow_statue,
          nicolae_wu_jian_immortal_techniques, gammafunk_temple_overflow_wave,
          minmay_close_crescents, uniq_robin, uniq_grinder, uniq_sigmund
D:4:      cheibrodos_fertilizer, layout_basic, nicolae_overflow_hidden_temple,
          lemuel_round_altar, minmay_temple_entry_statues_fountains,
          serial_shops, shop
D:5:      layout_loops_cross, chequers_temple_overflow_statue_of_worship,
          gammafunk_ghost_split, basic_altar, minmay_chambers_of_fives,
          uniq_duvessa, uniq_ijyb
D:6:      corexii_shack_village, layout_loops_ring,
          ashenzari_conservatory_becter, minmay_misc_feat_chi,
          minmay_misc_feat_rows
D:7:      layout_loops_ring, elyvilon_altar_3, basic_altar
D:8:      layout_basic, dpeg_oklobed_lair, bh_walls_and_bars
D:9:      layout_roguey, serial_shops,
          nicolae_shop_temple_entry_statues_fountains
D:10:     layout_roguey, serial_shops, shop, nicolae_shop_waterfront, shop,
          kennysheep_little_box, mrwooster_statue_mirror, grunt_ministairs_13,
          kennysheep_crisscross

Skill      XL: |  1  2  3  4  5  6  7  8  9 10 |
---------------+-------------------------------+-----
Axes           | 3 4 5 6 7 8 9 |  9.3
Fighting       | 4 5 6 7 |  7.0
Armour         | 3 4 5 |  5.8
Shields        | 3 4 5 |  5.8
Invocations    | 2 3 5 |  5.9

Action                   |  1- 3 |  4- 6 |  7- 9 | 10-12 || total
-------------------------+-------+-------+-------+-------++-------
Melee: War axe           |    67 |       |   346 |    67 ||   480
       Tailslap          |     9 |    16 |    82 |    17 ||   124
       Short sword       |    25 |    89 |    44 |       ||   158
Invok: Heroism           |       |       |     1 |     1 ||     2
  Use: Potion            |       |     1 |     2 |     2 ||     5
       Scroll            |       |       |     1 |       ||     1
Armor: Scale mail        |     7 |       |       |       ||     7
       Chain mail        |    55 |    34 |   132 |       ||   221
       Plate armour      |       |       |    61 |    32 ||    93
Dodge: Dodged            |    13 |     7 |    54 |     5 ||    79
Block: Kite shield       |    48 |    47 |   226 |    35 ||   356

Table legend: (Time is in decaauts)
 A = Elapsed time spent in this place.
 B = Non-inter-level travel time spent in this place.
 C = Inter-level travel time spent in this place.
 D = Time resting spent in this place.
 E = Time spent auto-exploring this place.
 F = Levels seen in this place.
 G = Mean time per level.
                   A        B        C        D        E       F      G
               +--------+--------+--------+--------+--------+-----+--------+
         Total |  11008 |  10647 |    361 |    612 |   8392 |  10 | 1100.8 |
       Dungeon |  11008 |  10647 |    361 |    612 |   8392 |  10 | 1100.8 |
               +--------+--------+--------+--------+--------+-----+--------+

Top non-repeatable levels by time:
     D:1: 1428 daAuts
     D:6: 1412 daAuts
     D:5: 1341 daAuts
     D:2: 1337 daAuts
     D:8: 1204 daAuts
     D:4: 1193 daAuts
     D:3: 1186 daAuts
     D:9: 1001 daAuts
     D:7: 784 daAuts
    D:10: 120 daAuts
